 Dungeon Crawl Stone Soup version 0.20.1-1-g8b1a95d (webtiles) character file.

5952 Thyosulf the Grappler (level 10, 0/81 HPs)
             Began as a Grey Draconian Transmuter on Nov 6, 2017.
             Was a Believer of Qazlal.
             Slain by an orange demon (3 damage)
             ... on level 1 of the Abyss on Nov 12, 2017.
             The game lasted 01:12:38 (9109 turns).

Thyosulf the Grappler (Grey Draconian Transmuter)   Turns: 9109, Time: 01:12:39

Health: 0/81       AC: 15    Str: 16    XL:     10   Next: 54%
Magic:  18/18      EV: 14    Int: 13    God:    Qazlal [**....]
Gold:   428        SH:  2    Dex: 12    Spells: 16/19 levels left

rFire    . . .     SeeInvis .     - Unarmed
rCold    . . .     Gourm    .   (no shield)
rNeg     . . .     Faith    .   (armour unavailable)
rPois    .         Spirit   .   (helmet restricted)
rElec    .         Reflect  .   (no cloak)
rCorr    .         Harm     .   v - +2 pair of gloves
MR       .....                  (no boots)
Stlth    ++........             (no amulet)
Regen    0.3/turn               (no ring)
MPRegen  0.2/turn               (no ring)

@: weakened, berserk cooldown, slowed, very slow
A: walk through water, unfitting armour, unbreathing, cold-blooded, AC +12
a: Upheaval, Renounce Religion


You were on level 1 of the Abyss.
You worshipped Qazlal.
Qazlal was pleased with you.
You were not hungry.

You visited 2 branches of the dungeon, and saw 10 of its levels.
You visited the Abyss 1 time.

You collected 428 gold pieces.

Inventory:

Hand Weapons
 k - a +2 dagger of venom
Missiles
 a - 154 arrows
 h - 201 stones (quivered)
Armour
 v - a +2 pair of gloves (worn)
Magical Staves
 l - an uncursed staff of cold
 y - an uncursed staff of wizardry
Jewellery
 C - an uncursed ring of flight {unknown}
Wands
 o - a wand of flame (21/48)
 u - a wand of acid (15/15)
 E - a wand of enslavement (11/24)
Scrolls
 e - 5 scrolls of identify
 i - 4 scrolls of remove curse
 q - 2 scrolls of fear
 w - 2 scrolls of enchant weapon
 z - a scroll of magic mapping
 A - 3 scrolls of amnesia
Potions
 f - a potion of flight
 j - a potion of curing
 r - a potion of brilliance
 t - 2 potions of haste
 x - 3 potions of lignification
 B - a potion of ambrosia
Books
 b - a book of Changes

   Spells                             Type                      Level
   a - Beastly Appendage              Transmutation                1
   b - Sticks to Snakes               Transmutation                2
   c - Spider Form                    Transmutation/Poison         3
   d - Ice Form                       Ice/Transmutation            4
   e - Blade Hands                    Transmutation                5
 g - a book of Frost

   Spells                             Type                      Level
   a - Freeze                         Ice                          1
   b - Throw Frost                    Conjuration/Ice              2
   c - Ozocubu's Armour               Charms/Ice                   3
   d - Throw Icicle                   Conjuration/Ice              4
   e - Summon Ice Beast               Ice/Summoning                4
 n - a book of Cantrips

   Spells                             Type                      Level
   a - Confusing Touch                Hexes                        1
   b - Animate Skeleton               Necromancy                   1
   c - Summon Small Mammal            Summoning                    1
   d - Apportation                    Translocation                1
Comestibles
 c - 4 bread rations
 d - 3 royal jellies
 m - 2 meat rations
 p - 4 fruits


   Skills:
 * Level 5.5 Fighting
 + Level 5.4 Dodging
 + Level 2.4 Stealth
 + Level 11.6 Unarmed Combat
 + Level 5.4 Spellcasting
 + Level 5.6 Transmutations
 + Level 0.2 Invocations


You had 16 spell levels left.
You knew the following spells:

 Your Spells              Type           Power        Failure   Level  Hunger
a - Beastly Appendage     Tmut           ###...       1%          1    None
b - Sticks to Snakes      Tmut           ###.....     2%          2    ##.....


Dungeon Overview and Level Annotations

Branches:
Dungeon (9/15)             Temple (1/1) D:5
   Lair: D:8-11         Orc: D:9-12

Altars:
Ashenzari
Cheibriados
Dithmenos
Elyvilon
Fedhas
Gozag
Hepliaklqana
Kikubaaqudgha
Makhleb
Nemelex Xobeh
Okawaru
Qazlal
Ru
Sif Muna
Trog
Uskayaw
Vehumet
Xom
Yredelemnul
Zin
The Shining One

Shops:
D:7 *:   D:8 [

Annotations:
D:4 othur's ghost, amateur MiCK
D:8 Psyche


Innate Abilities, Weirdness & Mutations

You can walk through water.
Your dull iron-grey scales are very hard. (AC +12)
You cannot fit into any form of body armour.
You can survive without breathing.
You are cold-blooded and may be slowed by cold attacks.


Message History

Qazlal accepts your kill.
The spiny frog disappears in a puff of smoke!
Your life force feels restored.
The orange demon stings you.
* * * LOW HITPOINT WARNING * * *
The orange demon hits you.
* * * LOW HITPOINT WARNING * * *
You feel your attacks grow feeble.
You hit the orange demon.
You punch the orange demon, but do no damage.
The orange demon is lightly wounded.
You are no longer berserk.
You are exhausted.
You feel yourself slow down. The orange demon stings you!
* * * LOW HITPOINT WARNING * * *
The orange demon misses you.
You punch the orange demon! Your punch misses the orange demon.
The orange demon is lightly wounded.
The orange demon stings you.
You die...

. .. .#.
....
#....##
#.§.###
##..#
#@###
#4#§ ##
#.. # .#
#
.##.##.#
. ..
..#...
_. .
#.###. .
. ## #.#
#..
#35##.#
. .#
#555 ##
##


You could see an orange demon.

Vanquished Creatures
  Erica (D:8)
  A two-headed ogre (D:8)
  Pikel (D:7)
  A worldbinder (Abyss:1)
  Joseph (D:7)
  A ynoxinul (Abyss:1)
  4 ice beasts
  An orc warrior (D:6)
  3 slaves (D:7)
  A sky beast (D:8)
  A necrophage (D:6)
  5 ogres
  A phantom (D:7)
  2 centaurs
  7 bullfrogs
  4 scorpions
  4 killer bees (D:8)
  5 wights (D:6)
  A small abomination (Abyss:1)
  4 howler monkeys
  5 crimson imps
  A jelly (D:5)
  A bullfrog zombie (D:5)
  3 orc priests
  A centaur skeleton (D:6)
  A hound (D:5)
  An iguana (D:6)
  4 orc wizards
  4 worker ants
  2 hound skeletons
  5 gnolls
  11 adders
  2 shadow imps
  2 oozes
  2 adder skeletons
  A worm (D:3)
  2 dart slugs
  4 leopard geckos
  17 orcs
  A ball python (D:1)
  7 giant cockroaches
  6 hobgoblins
  9 jackals
  3 quokkas
  5 bats
  4 frilled lizards
  7 goblins
  5 kobolds
  A quokka skeleton (D:6)
  A quokka zombie (D:6)
  2 rats (D:3)
  A plant (D:3)
170 creatures vanquished.

Vanquished Creatures (others)
  A hungry ghost (D:7)
1 creature vanquished.

Grand Total: 171 creatures vanquished

Notes
Turn   | Place    | Note
-------+----------+-------------------------------------------
     0 | D:1      | Thyosulf the Draconian Transmuter began the quest for the Orb.
     0 | D:1      | Reached XP level 1. HP: 16/16 MP: 3/3
    52 | D:1      | Reached XP level 2. HP: 5/23 MP: 5/5
   363 | D:1      | Learned a level 2 spell: Sticks to Snakes
   628 | D:1      | Reached XP level 3. HP: 23/28 MP: 3/6
   630 | D:1      | Reached skill level 4 in Unarmed Combat
  1742 | D:3      | Reached XP level 4. HP: 22/35 MP: 5/7
  1804 | D:3      | Noticed an ogre
  2110 | D:3      | Killed an ogre
  2110 | D:3      | Reached skill level 5 in Unarmed Combat
  2110 | D:3      | Reached XP level 5. HP: 38/40 MP: 8/8
  2794 | D:5      | Entered Level 5 of the Dungeon
  2794 | D:5      | Found a blossoming altar of Fedhas.
  2848 | D:4      | Reached XP level 6. HP: 41/47 MP: 8/10
  3274 | D:4      | Reached skill level 6 in Unarmed Combat
  3962 | D:4      | Found an iron altar of Okawaru.
  3963 | D:4      | Noticed othur's ghost (amateur MiCK)
  3980 | D:4      | Your scales start taking on a dull iron-grey colour.
  3980 | D:4      | Reached XP level 7. HP: 42/53 MP: 9/11
  3980 | D:4      | Gained mutation: You can survive without breathing. [Grey Draconian growth]
  4107 | D:5      | Found a staircase to the Ecumenical Temple.
  4129 | Temple   | Entered the Ecumenical Temple
  4324 | Temple   | Became a worshipper of Qazlal Stormbringer
  4375 | D:5      | Reached skill level 1 in Stealth
  4520 | D:5      | Reached skill level 7 in Unarmed Combat
  4857 | D:5      | Reached XP level 8. HP: 56/61 MP: 11/13
  4930 | D:5      | Reached skill level 8 in Unarmed Combat
  5567 | D:6      | Reached * piety under Qazlal
  5573 | D:6      | Reached skill level 9 in Unarmed Combat
  5908 | D:6      | Reached XP level 9. HP: 50/68 MP: 13/15
  6205 | D:6      | Reached skill level 10 in Unarmed Combat
  6421 | D:7      | Found Miosch's Book Emporium.
  6430 | D:8      | Noticed Erica
  6766 | D:7      | Found Xemeamubb's General Store.
  6834 | D:7      | Noticed Pikel
  6850 | D:7      | Killed Pikel
  7139 | D:7      | Reached ** piety under Qazlal
  7220 | D:7      | Noticed Joseph
  7235 | D:7      | Killed Joseph
  7765 | D:8      | Reached skill level 11 in Unarmed Combat
  8187 | D:8      | Reached XP level 10. HP: 70/80 MP: 15/17
  8263 | D:8      | Reached skill level 5 in Transmutations
  8344 | D:8      | Noticed a two-headed ogre
  8361 | D:8      | Killed a two-headed ogre
  8361 | D:8      | Reached skill level 5 in Spellcasting
  8666 | D:8      | Killed Erica
  8666 | D:8      | Reached skill level 5 in Fighting
  8666 | D:8      | Reached skill level 5 in Dodging
  8849 | D:8      | Found Tomaitadd's Antique Armour Emporium.
  8933 | D:8      | Noticed Psyche
  8935 | D:8      | Cast into level 1 of the Abyss (Psyche)
  8968 | Abyss:1  | Found a corrupted altar of Lugonu.
  8984 | Abyss:1  | Noticed a worldbinder
  8987 | Abyss:1  | Noticed a deep elf mage
  8987 | Abyss:1  | Noticed a deep elf mage
  8987 | Abyss:1  | Noticed a deep elf mage
  8998 | Abyss:1  | Noticed a deep elf archer
  8999 | Abyss:1  | Noticed a deep elf mage
  9002 | Abyss:1  | Noticed a deep elf archer
  9004 | Abyss:1  | Noticed a smoke demon
  9005 | Abyss:1  | Noticed a deep elf knight
  9005 | Abyss:1  | Noticed a deep elf mage
  9006 | Abyss:1  | Noticed a deep elf mage
  9062 | Abyss:1  | Found a corrupted altar of Lugonu.
  9088 | Abyss:1  | Noticed a worldbinder
  9097 | Abyss:1  | Noticed an orange demon
  9100 | Abyss:1  | Noticed a spiny frog
  9106 | Abyss:1  | Killed a worldbinder
  9108 | Abyss:1  | HP: 2/81 [orange demon (9)]
  9109 | Abyss:1  | Slain by an orange demon

Skill      XL: |  1  2  3  4  5  6  7  8  9 10 |
---------------+-------------------------------+-----
Dodging        | 2 3 4 5 |  5.4
Unarmed Combat | 4 5 6 7 9 11 | 11.6
Spellcasting   | 3 4 5 |  5.4
Transmutations | 3 4 5 |  5.6
Stealth        | 1 2 |  2.4
Fighting       | 2 4 5 |  5.5
Invocations    | |  0.2

Action                   |  1- 3 |  4- 6 |  7- 9 | 10-12 || total
-------------------------+-------+-------+-------+-------++-------
Melee: Unarmed           |   178 |   146 |   377 |    86 ||   787
       Tailslap          |    27 |    13 |    43 |    14 ||    97
       Headbutt          |     8 |     3 |    16 |     1 ||    28
       Kick              |    12 |     7 |    53 |     6 ||    78
       Punch             |     3 |     4 |    12 |     7 ||    26
Throw: Stone             |       |     1 |    10 |       ||    11
 Cast: Beastly Appendage |    21 |    17 |    49 |     7 ||    94
       Sticks to Snakes  |     1 |       |     2 |     4 ||     7
Invok: Upheaval          |       |       |       |     1 ||     1
Evoke: Wand              |       |       |       |     1 ||     1
  Use: Scroll            |     6 |     6 |     8 |     1 ||    21
       Potion            |       |     1 |     2 |     2 ||     5
 Stab: Sleeping          |       |     1 |       |       ||     1
       Distracted        |       |       |     1 |       ||     1
  Eat: Chunk             |     4 |     6 |     9 |       ||    19
       Bread ration      |       |       |     2 |       ||     2
Armor: Skin              |    41 |    35 |   107 |    38 ||   221
Dodge: Dodged            |   101 |    67 |   205 |    46 ||   419
Block: Other             |       |       |    11 |    11 ||    22
